 Dungeon Crawl Stone Soup version 0.29.1-1-gd02db6906a (webtiles) character file.

Game seed: 2997488666485707254

83 LustLizard the Covered (level 4, 0/35 HPs)
             Began as a Human Fighter on Oct 12, 2022.
             Slain by an orc priest
             ... wielding a +0 hand axe
              (3 damage)
             ... on level 2 of the Dungeon.
             The game lasted 00:04:06 (2239 turns).

LustLizard the Covered (Human Fighter)              Turns: 2239, Time: 00:04:08

Health: 0/35       AC:  6    Str: 17    XL:     4   Next: 71%
Magic:  4/4        EV:  9    Int:  8    God:
Gold:   111        SH:  5    Dex: 14    Spells: 3/3 levels left

rFire   . . .      SeeInvis .   a - +0 long sword
rCold   . . .      Faith    .   c - +0 buckler
rNeg    . . .      Spirit   .   b - +0 scale mail
rPois   .          Reflect  .   (no helmet)
rElec   .          Harm     .   (no cloak)
rCorr   .          Rampage  .   (no gloves)
Will    .....                   (no boots)
Stlth   ..........              (no amulet)
HPRegen 0.11/turn               (no ring)
MPRegen 0.09/turn               (no ring)

@: no status effects
A: no striking features
a: no special abilities


You were on level 2 of the Dungeon.
You visited 1 branch of the dungeon, and saw 3 of its levels.

You collected 111 gold pieces.

Inventory:

Hand Weapons
 a - a +0 long sword (weapon)
Missiles
 f - 3 boomerangs (quivered)
 l - 9 stones
Armour
 b - a +0 scale mail (worn)
 c - a +0 buckler (worn)
Scrolls
 e - 3 scrolls of identify {unknown}
 h - a scroll of enchant weapon {unknown}
 i - a scroll of immolation {unknown}
 j - a scroll of acquirement {unknown}
 k - 2 scrolls of teleportation {unknown}
 m - a scroll of enchant armour {unknown}
 n - 2 scrolls of butterflies {unknown}
Potions
 d - a potion of might
 g - a potion of lignification {unknown}
 o - a potion of heal wounds {unknown}


   Skills:
 + Level 3.3 Fighting
 * Level 3.1 Long Blades
 * Level 1.4 Throwing
 + Level 3.3 Armour
 + Level 1.3 Dodging
 - Level 3.0 Shields


You had 3 spell levels left.
You didn't know any spells.
Your spell library contained the following spells:

 Spells                   Type           Power      Damage    Failure   Level
 Freeze                   Ice            0%         1d3       88%         1
 Frozen Ramparts          Ice            0%         1d1       99%         3
 Hailstorm                Conj/Ice       0%         3d3       100%        4


Dungeon Overview and Level Annotations

Branches:
Dungeon (3/15)

Altars:


Message History

You hit the dart slug but do no damage.
The dart slug is heavily wounded.
The dart slug barely misses you.
You hit the dart slug but do no damage.
The dart slug is heavily wounded.
The dart slug bites you but does no damage.
You hit the dart slug.
You kill the dart slug!
Done exploring.
Done exploring.
There is a stone staircase leading down here.
You climb downwards.
The orc priest shouts! x2; The orc shouts!
The goblin shouts!
You hear a shout!
Found a stone staircase leading down.
There is a stone staircase leading up here.
The orc priest invokes the aid of Beogh against you.
Pain shoots through your body!
The orc priest mumbles some strange prayers to Beogh against you.
Pain shoots through your body!
* * * LOW HITPOINT WARNING * * *
The orc priest completely misses you.
You climb upwards.
There is a stone staircase leading down here.
You completely miss the orc priest.
The orc priest calls down the wrath of Beogh upon you.
Pain shoots through your body!
* * * LOW HITPOINT WARNING * * *
You block the orc priest's attack.
You hit the orc priest.
The orc priest is moderately wounded.
The orc priest barely misses you.
The orc priest calls upon Beogh to heal the orc priest.
The orc priest's wounds heal themselves!
You barely miss the orc priest.
The orc priest looks satisfied for a moment.
The orc priest closely misses you.
The orc priest hits you with a +0 hand axe.
* * * LOW HITPOINT WARNING * * *
The orc priest hits you with a +0 hand axe.
You die...

.# ###############
#~~~~~~~~~~~~~#
#~...........~#
#~...........~# ############
#~...#####...~# #..........#
#~.....#.....~# #.########.#
#~)....#.....~#####.# #.#
'..#########..'o@.#)# #.#
#~.....#.....~#o....#### #.#
#~.....#.....~#..#.....# #.#
#~..)#####...~#.....##.# #.#
#~...........~#.###.##.# #.#
#~......[....~#.# #.##.# #.#
#~~~~~~~~~~~~~#.# #.##.# #.#
###############.###.#..#####.#
#.##.# #..............#


You could see 2 orc priests.

Vanquished Creatures
  Terence (D:2)
  2 worms (D:2)
  2 dart slugs
  3 ball pythons
  4 endoplasms (D:1)
  3 giant cockroaches (D:1)
  6 goblins
  4 hobgoblins
  6 jackals (D:2)
  3 kobolds
  A quokka (D:1)
  2 frilled lizards (D:1)
  4 rats
41 creatures vanquished.

Notes
Turn   | Place    | Note
-------+----------+-------------------------------------------
     0 | D:1      | LustLizard the Human Fighter began the quest for the Orb.
     0 | D:1      | Reached XP level 1. HP: 18/18 MP: 1/1
   214 | D:1      | Reached XP level 2. HP: 16/24 MP: 2/2
   874 | D:1      | Reached XP level 3. HP: 29/29 MP: 3/3
  1017 | D:1      | Found a faded altar of an unknown god.
  1524 | D:2      | Reached skill level 1 in Dodging
  1539 | D:2      | Reached skill level 1 in Throwing
  1583 | D:2      | Noticed Terence
  1594 | D:2      | Killed Terence
  1595 | D:2      | Reached XP level 4. HP: 15/35 MP: 4/4
  2239 | D:2      | Slain by an orc priest

Illustrated notes

Levels and vault maps discovered:
D:1:      sevenhm_arrival_forest_fort_small_4, layout_basic,
          shapermc_ecumenical_altar_mp_vishouse
D:2:      layout_loops_ring, kennysheep_generic_room_16, uniq_terence
D:3:      layout_loops_ring, lemuel_round_altar, grunt_ministairs_7,
          uniq_crazy_yiuf_cottage, uniq_sigmund

Skill      XL: |  1  2  3 |
---------------+----------+-----
Dodging        | 1 |  1.3
Throwing       | 1 |  1.4
Long Blades    | 3 |  3.1
Fighting       | |  3.3
Armour         | |  3.3
Shields        | |  3.0

Action                   |  1- 3 |  4- 6 || total
-------------------------+-------+-------++-------
Melee: Long sword        |   126 |    22 ||   148
Throw: Boomerang         |     3 |       ||     3
Armor: Scale mail        |    59 |     7 ||    66
Dodge: Dodged            |    56 |     6 ||    62
Block: Buckler           |    31 |     5 ||    36
